cohdb
Replays
Latest Replays
All Replays
Popular Replays
Top Player Replays
Match Explorer
How It Works
Community
CoH3 Stats
Reddit
Sign in to upload your games and track your stats! →
Sign in with Steam
Match 26191424
Unlisted
Match 26191424
Overview
Messages
Build Orders
End
Construct Barracks
Engineer Squad
Riflemen Squad
Selects Armored Battlegroup
Selects Assault Engineers
Riflemen Squad
Riflemen Squad
Infantry Support Center
Construct Medical Station
Selects Strength in Steel
Construct Motor Pool
Grenade Package
M1 Anti-tank Gun Team
M1918 Browning Automatic Rifles
M1 Anti-tank Gun Team
Selects Seek and Destroy
M8 Greyhound Armored Car
Selects UNKNOWN (2160077)
Construct Tank Depot
Assault Engineer Squad
Selects Field Repairs
Captain Retinue
M1 Mortar Team
M4A3E8 Sherman Easy Eight
Selects War Machine
Munitions Surplus
Assault Engineer Squad
Survival Training
Riflemen Squad
Wrathment
Одеssкій шашлык
0
0
Comments
sign in to comment!
No comments posted yet!